 Dungeon Crawl Stone Soup version 0.30-a0-1163-gf69bf04e7a (webtiles) character file.

Game seed: 15782457609108826022

240 oldriver the Skirmisher (level 6, -3/50 HPs)
             Began as a Gnoll Hunter on Apr 28, 2023.
             Slain by a hobgoblin
             ... wielding a +0 quarterstaff
              (13 damage)
             ... on level 4 of the Dungeon.
             The game lasted 00:02:57 (2599 turns).

oldriver the Skirmisher (Gnoll Hunter)              Turns: 2599, Time: 00:02:58

Health: -3/50      AC:  5    Str: 11    XL:     6   Next: 8%
Magic:  8/8        EV: 13    Int: 10    God:
Gold:   197        SH:  0    Dex: 15    Spells: 8/8 levels left

rFire   . . .        b - +2 short sword (vamp)
rCold   . . .        (no shield)
rNeg    . . .        o - +1 leather armour of the New World {Fly Stlth+}
rPois   .            (no helmet)
rElec   .            (no cloak)
rCorr   .            (no gloves)
SInv    .            n - +0 pair of boots
Will    .....        (no amulet)
Stlth   +++          (no ring)
HPRegen 0.28/turn    (no ring)
MPRegen 0.11/turn

%: no passive effects
@: flying
A: fangs 1, strong nose, distributed training
a: no special abilities


You were on level 4 of the Dungeon.
You visited 1 branch of the dungeon, and saw 4 of its levels.

You collected 197 gold pieces.

Inventory:

Hand Weapons
 a - a +0 shortbow
 b - a +2 vampiric short sword (weapon)
 f - a +1 heavy hand axe
 g - a +2 dagger of distortion
Armour
 n - a +0 pair of boots (worn)
 o - the +1 leather armour of the New World (worn) {Fly Stlth+}
   (You found it on level 2 of the Dungeon)

   Fly:       It grants you flight.
   Stlth:     It makes you more stealthy.
Jewellery
 x - a ring of resist corrosion
Wands
 c - a wand of light (5)
 p - a wand of paralysis (5)
Scrolls
 e - 3 scrolls of teleportation {unknown}
 h - 4 scrolls of identify {unknown}
 i - 3 scrolls of acquirement {unknown}
 m - a scroll of immolation
 r - a scroll of vulnerability {unknown}
 u - 2 scrolls of noise {unknown}
 v - a scroll of amnesia {unknown}
 w - a scroll of blinking {unknown}
Potions
 d - 2 potions of haste {unknown}
 j - a potion of lignification {unknown}
 k - 2 potions of mutation {unknown}
 l - 5 potions of degeneration {unknown}
 q - a potion of berserk rage {unknown}
 s - 2 potions of flight {unknown}
 t - a potion of attraction {unknown}
 z - 3 potions of brilliance {unknown}
 A - a potion of cancellation {unknown}


   Skills:
 + Level 4.9 Fighting
 + Level 1.8 Short Blades
 + Level 1.8 Long Blades
 + Level 1.8 Axes
 + Level 1.8 Maces & Flails
 + Level 1.8 Polearms
 + Level 1.8 Staves
 + Level 8.7 Ranged Weapons
 + Level 1.8 Throwing
 + Level 1.8 Armour
 + Level 4.9 Dodging
 + Level 3.0 Stealth
 + Level 1.8 Shields
 + Level 1.8 Unarmed Combat
 + Level 1.8 Spellcasting
 + Level 1.4 Conjurations
 + Level 1.4 Hexes
 + Level 1.4 Summonings
 + Level 1.4 Necromancy
 + Level 1.4 Translocations
 + Level 1.4 Transmutations
 + Level 1.4 Fire Magic
 + Level 1.4 Ice Magic
 + Level 1.4 Air Magic
 + Level 1.4 Earth Magic
 + Level 1.4 Poison Magic
 + Level 2.0 Invocations
 + Level 1.8 Evocations


You had 8 spell levels left.
You didn't know any spells.
Your spell library contained the following spells:

 Spells                   Type           Power      Damage    Failure   Level
 Foxfire                  Conj/Fire      12%        2x1d4     22%         1
 Lesser Beckoning         Tloc           6%         N/A       34%         2
 Gell's Gravitas          Tloc           3%         N/A       56%         3
 Ignite Poison            Fire/Tmut/Pois 3%         N/A       56%         3
 Inner Flame              Hex/Fire       3%         N/A       56%         3
 Teleport Other           Tloc           3%         N/A       56%         3
 Summon Lightning Spire   Summ/Air       3%         N/A       92%         4
 Dragon's Call            Summ           1%         N/A       100%        9


Dungeon Overview and Level Annotations

Branches:
Dungeon (4/15)             Temple (0/1) D:4

Altars:
Elyvilon
Hepliaklqana
Makhleb
Nemelex Xobeh

Shops:
D:1 ?


Innate Abilities, Weirdness & Mutations

You have very sharp teeth.
Your uncanny sense of smell can sniff out nearby items.
Your experience applies equally to all skills.


Message History

The iguana is heavily wounded.
The iguana misses you.
You hit the iguana.
The iguana is heavily wounded.
The iguana barely misses you.
You closely miss the iguana. Your bite misses the iguana.
The iguana is heavily wounded.
The hobgoblin drinks a potion.
The hobgoblin seems to grow stronger.
The iguana bites you!
You hit the iguana. You bite the iguana, but do no damage.
The iguana is heavily wounded.
The iguana bites you but does no damage.
You hit the iguana but do no damage.
The iguana is heavily wounded.
The iguana completely misses you.
You hit the iguana.
You feel better.
The iguana is severely wounded.
The iguana bites you!
You barely miss the iguana.
The iguana is severely wounded.
The iguana misses you.
You hit the iguana.
The iguana is almost dead.
You closely miss the iguana.
The iguana is almost dead.
The iguana bites you.
You hit the iguana.
You kill the iguana!
You have reached level 6!
You hit the hobgoblin.
You feel better.
The hobgoblin is heavily wounded.
The hobgoblin hits you with a +0 quarterstaff!
You barely miss the hobgoblin.
The hobgoblin is heavily wounded.
The hobgoblin hits you with a +0 quarterstaff!
* * * LOW HITPOINT WARNING * * *
You barely miss the hobgoblin.
The hobgoblin is heavily wounded.
The hobgoblin hits you with a +0 quarterstaff!
You die...

####### #.....#
####.###.#
#......#.##
#.......# #
#.......# ...
#.##.##.###.....
#.##....@g......
#.#####.###.....
##.#####.# ...
#........# #
#......###
#......#
#......#
#......#
######......#


You could see a hobgoblin (strong).

Vanquished Creatures
  A scorpion (D:4)
  An iguana (D:4)
  7 adders
  2 dart slugs (D:2)
  5 orcs (D:4)
  8 endoplasms
  3 giant cockroaches
  8 goblins
  7 hobgoblins
  8 jackals
  3 quokkas
  11 ball pythons
  5 bats
  4 frilled lizards
  5 kobolds
  6 rats
84 creatures vanquished.

Vanquished Creatures (others)
  A plant (D:2)
1 creature vanquished.

Grand Total: 85 creatures vanquished

Notes
Turn   | Place    | Note
-------+----------+-------------------------------------------
     0 | D:1      | oldriver the Gnoll Hunter began the quest for the Orb.
     0 | D:1      | Reached XP level 1. HP: 20/20 MP: 1/1
    59 | D:1      | Reached XP level 2. HP: 26/26 MP: 2/2
   237 | D:1      | Found Fiosyamm's Magic Scroll Shop.
   593 | D:2      | Reached XP level 3. HP: 31/31 MP: 3/3
   599 | D:2      | Reached skill level 1 in Invocations
   657 | D:2      | Reached skill level 1 in Short Blades
   657 | D:2      | Reached skill level 1 in Long Blades
   657 | D:2      | Reached skill level 1 in Axes
   657 | D:2      | Reached skill level 1 in Maces & Flails
   657 | D:2      | Reached skill level 1 in Polearms
   657 | D:2      | Reached skill level 1 in Staves
   657 | D:2      | Reached skill level 1 in Throwing
   657 | D:2      | Reached skill level 1 in Armour
   657 | D:2      | Reached skill level 1 in Shields
   657 | D:2      | Reached skill level 1 in Unarmed Combat
   657 | D:2      | Reached skill level 1 in Spellcasting
   657 | D:2      | Reached skill level 1 in Evocations
   743 | D:2      | Got Xeirchotz's Elucidation of the Sizzling Familiar
   753 | D:2      | Reached XP level 4. HP: 38/38 MP: 5/5
   892 | D:2      | Identified the +1 leather armour of the New World {Fly
                  | Stlth+}
  1144 | D:2      | Reached skill level 1 in Conjurations
  1144 | D:2      | Reached skill level 1 in Hexes
  1144 | D:2      | Reached skill level 1 in Summonings
  1144 | D:2      | Reached skill level 1 in Necromancy
  1144 | D:2      | Reached skill level 1 in Translocations
  1144 | D:2      | Reached skill level 1 in Transmutations
  1144 | D:2      | Reached skill level 1 in Fire Magic
  1144 | D:2      | Reached skill level 1 in Ice Magic
  1144 | D:2      | Reached skill level 1 in Air Magic
  1144 | D:2      | Reached skill level 1 in Earth Magic
  1144 | D:2      | Reached skill level 1 in Poison Magic
  1226 | D:2      | Found a faded altar of an unknown god.
  1603 | D:3      | Found a burning altar of Makhleb.
  1816 | D:3      | Reached XP level 5. HP: 43/43 MP: 7/7
  2087 | D:4      | Found a hazy altar of Hepliaklqana.
  2116 | D:4      | Found a sparkling altar of Nemelex Xobeh.
  2492 | D:4      | Found a white marble altar of Elyvilon.
  2539 | D:4      | Found a staircase to the Ecumenical Temple.
  2597 | D:4      | Reached XP level 6. HP: 29/50 MP: 8/8
  2599 | D:4      | Slain by a hobgoblin

Illustrated notes

Levels and vault maps discovered:
D:1:      roderic_crossed_star, layout_basic, serial_shops, shop
D:2:      minmay_recursive_quarters, layout_rooms,
          dilly_ecumenical_altar_fadedgnrine, minmay_shallow_snake_nest
D:3:      layout_loops_ring, amcnicky_altar_gilded,
          chequers_serial_rivers_room_b
D:4:      layout_loops_cross, mainiacjoe_overflow_small_starburst,
          nicolae_overflow_hidden_temple, mainiacjoe_overflow_two_lobes,
          temple_green

Skill      XL: |  1  2  3  4  5 |
---------------+----------------+-----
Invocations    | 1 2 |  2.0
Short Blades   | 1 |  1.8
Long Blades    | 1 |  1.8
Axes           | 1 |  1.8
Maces & Flails | 1 |  1.8
Polearms       | 1 |  1.8
Staves         | 1 |  1.8
Throwing       | 1 |  1.8
Armour         | 1 |  1.8
Shields        | 1 |  1.8
Unarmed Combat | 1 |  1.8
Spellcasting   | 1 |  1.8
Evocations     | 1 |  1.8
Conjurations   | 1 |  1.4
Hexes          | 1 |  1.4
Summonings     | 1 |  1.4
Necromancy     | 1 |  1.4
Translocations | 1 |  1.4
Transmutations | 1 |  1.4
Fire Magic     | 1 |  1.4
Ice Magic      | 1 |  1.4
Air Magic      | 1 |  1.4
Earth Magic    | 1 |  1.4
Poison Magic   | 1 |  1.4
Stealth        | 3 |  3.0
Fighting       | |  4.9
Ranged Weapons | |  8.7
Dodging        | |  4.9

Action                     |  1- 3 |  4- 6 || total
---------------------------+-------+-------++-------
  Melee: Short sword       |     1 |    26 ||    27
         Bite              |       |     2 ||     2
   Fire: Shortbow          |    60 |   133 ||   193
 Armour: Leather armour    |     4 |    17 ||    21
  Dodge: Dodged            |     6 |    57 ||    63

Table legend: (Time is in decaauts)
 A = Elapsed time spent in this place.
 B = Non-inter-level travel time spent in this place.
 C = Inter-level travel time spent in this place.
 D = Time resting spent in this place.
 E = Time spent auto-exploring this place.
 F = Levels seen in this place.
 G = Mean time per level.
                   A        B        C        D        E       F      G
               +--------+--------+--------+--------+--------+-----+--------+
         Total |   2613 |   2524 |     89 |    100 |   1994 |   4 |  653.2 |
       Dungeon |   2613 |   2524 |     89 |    100 |   1994 |   4 |  653.2 |
               +--------+--------+--------+--------+--------+-----+--------+

Top non-repeatable levels by time:
     D:2: 759 daAuts
     D:4: 659 daAuts
     D:3: 605 daAuts
     D:1: 589 daAuts
